 Dungeon Crawl Stone Soup version 0.20.0-7-g3b7b877 (webtiles) character file.

973 rutigerpupkin the Covered (level 8, -7/50 HPs)
             Began as a Gargoyle Fighter on May 29, 2017.
             Was a Follower of Okawaru.
             Killed by divine providence
             ... invoked by an orc priest
              (13 damage)
             ... on level 6 of the Dungeon.
             The game lasted 00:09:42 (4848 turns).

rutigerpupkin the Covered (Gargoyle Fighter)        Turns: 4848, Time: 00:09:44

Health: -7/50      AC: 14    Str: 24    XL:     8   Next: 16%
Magic:  18/18      EV:  8    Int: 10    God:    Okawaru [*.....]
Gold:   251        SH: 10    Dex: 11    Spells: 7/7 levels left

rFire    . . .     SeeInvis .   a - +0 flail
rCold    . . .     Gourm    .   c - +0 shield
rNeg     + . .     Faith    .   b - +0 scale mail
rPois    ∞         Spirit   .   d - +0 helmet (curse)
rElec    +         Reflect  .   (no cloak)
rCorr    .         Harm     .   (no gloves)
MR       .....                  (no boots)
Stlth    ..........             (no amulet)
Regen    0.2/turn               m - ring of magical power
MPRegen  0.2/turn               D - ring of loudness (curse)

@: mighty
A: negative energy resistance 1, electricity resistance, unbreathing,
petrification resistance, rot immunity, AC +5
a: Heroism, Renounce Religion


You were on level 6 of the Dungeon.
You worshipped Okawaru.
Okawaru was aware of your devotion.
You were not hungry.

You visited 1 branch of the dungeon, and saw 6 of its levels.

You collected 251 gold pieces.

Inventory:

Hand Weapons
 a - a +0 flail (weapon)
Missiles
 o - 13 tomahawks (quivered)
Armour
 b - a +0 scale mail (worn)
 c - a +0 shield (worn)
 d - a cursed +0 helmet (worn)
Jewellery
 m - a ring of magical power (left hand)
 x - an uncursed ring of flight
 y - an uncursed amulet of regeneration
 D - a cursed ring of loudness (right hand)
Wands
 z - a wand of scattershot (4/9)
 B - a wand of paralysis (12/24)
 H - a wand of polymorph (12/24)
Scrolls
 h - a scroll of amnesia {unknown}
 i - 7 scrolls of identify
 k - 4 scrolls of teleportation {unknown}
 l - 4 scrolls of remove curse {unknown}
 n - 2 scrolls of enchant armour {unknown}
 r - a scroll of recharging {unknown}
 v - a scroll of fog {unknown}
 E - a scroll of magic mapping {unknown}
 F - a scroll of random uselessness {unknown}
 G - a scroll of holy word {unknown}
Potions
 e - a potion of invisibility {unknown}
 g - 2 potions of degeneration {unknown}
 j - 2 potions of curing {unknown}
 p - a potion of heal wounds {unknown}
 q - a potion of agility {unknown}
 u - a potion of flight {unknown}
 I - a potion of lignification {unknown}
Comestibles
 f - 3 bread rations
 s - a fruit
 t - 2 royal jellies
 w - 2 meat rations
 C - 19 chunks of flesh


   Skills:
 + Level 5.4 Fighting
 + Level 4.7 Maces & Flails
 + Level 5.8 Armour
 + Level 5.8 Shields
 + Level 2.1 Invocations
 + Level 1.7 Evocations


You had 7 spell levels left.
You didn't know any spells.

Dungeon Overview and Level Annotations

Branches:
Dungeon (6/15)
 Temple: D:4-7

Altars:
Ashenzari
Hepliaklqana
Makhleb
Okawaru
Trog
Xom

Annotations:
D:3 lastplaneout's ghost, amateur HOFi
D:6 Prince Ribbit


Innate Abilities, Weirdness & Mutations

You are resistant to torment.
Your stone body is resilient. (AC +5)
You are immune to poison.
You resist negative energy. (rN+)
You are resistant to electric shocks. (rElec)
You can survive without breathing.
You are immune to petrification.
You are immune to rotting.


Message History

Prince Ribbit is moderately wounded.
Prince Ribbit closely misses you. Prince Ribbit barely misses you.
You closely miss Prince Ribbit.
Prince Ribbit is moderately wounded.
Prince Ribbit lets out a mournful croak.
Prince Ribbit hits you!
The orc priest invokes the aid of Beogh against you.
Beogh smites you!
* * * LOW HITPOINT WARNING * * *
You thump Prince Ribbit!
Prince Ribbit is heavily wounded.
You block Prince Ribbit's attack.
Prince Ribbit hits you but does no damage.
You closely miss Prince Ribbit.
Prince Ribbit is heavily wounded.
You block Prince Ribbit's attack.
Prince Ribbit hits you but does no damage.
The orc priest invokes the aid of Beogh against you.
Beogh smites you!
You die...

#.#.# #.### #.#o###.#.#
#.#.....#.### #.#.#.#.....#
#.#.#.##..### #### #.#.#.##..#
#.. ####o#.#.....### #...#.#
#.Foo..........# ...#.#
#@###..###.#.### .....#.#
#.#....##..#≈≈≈# #)...#.#
####.#....##...PP♣♣##
#.#.##)#####.........##....≈≈≈≈#
#.#.##.#.............##...P≈≈≈P#
♣.#.##.....#.##......##...≈≈P≈≈#
♣.#.##.#......#......##^..≈P♣♣##
♣#....##.............###.#P♣♣
♣.<.#.#......##..........#.#


You could see Prince Ribbit, an orc priest and 2 orcs.

Vanquished Creatures
  3 sky beasts
  An ogre (D:5)
  A scorpion (D:5)
  A bullfrog zombie (D:5)
  2 crimson imps (D:5)
  A bullfrog skeleton (D:5)
  2 hounds
  3 worker ants
  2 orc wizards
  2 hound skeletons (D:5)
  Robin (D:2)
  6 adders
  A shadow imp (D:5)
  An ooze (D:2)
  An adder skeleton (D:5)
  5 worms
  A dart slug (D:2)
  3 leopard geckos
  20 orcs
  9 bats
  2 giant cockroaches
  18 goblins
  9 hobgoblins
  5 quokkas
  3 frilled lizards (D:1)
  4 kobolds
  A leopard gecko skeleton (D:5)
  9 rats
117 creatures vanquished.

Notes
Turn   | Place    | Note
-------+----------+-------------------------------------------
     0 | D:1      | rutigerpupkin the Gargoyle Fighter began the quest for the Orb.
     0 | D:1      | Reached XP level 1. HP: 14/14 MP: 1/1
   184 | D:1      | Reached XP level 2. HP: 17/19 MP: 2/2
   728 | D:2      | Reached XP level 3. HP: 22/23 MP: 3/3
  1066 | D:2      | Noticed Robin
  1092 | D:2      | Reached XP level 4. HP: 8/28 MP: 4/4
  1099 | D:2      | HP: 1/29 [hobgoblin/club[Robin] (5)]
  1104 | D:2      | Killed Robin
  1681 | D:3      | Reached XP level 5. HP: 33/33 MP: 5/5
  1797 | D:3      | Found a shattered altar of Ashenzari.
  1805 | D:3      | Found a bloodstained altar of Trog.
  1888 | D:3      | Noticed lastplaneout's ghost (amateur HOFi)
  2215 | D:3      | Found an iron altar of Okawaru.
  2240 | D:3      | Became a worshipper of Warmaster Okawaru
  2689 | D:4      | Noticed a sky beast
  2708 | D:4      | Killed a sky beast
  2708 | D:4      | Reached XP level 6. HP: 36/39 MP: 6/6
  2734 | D:4      | Found a burning altar of Makhleb.
  2910 | D:4      | Found a hazy altar of Hepliaklqana.
  3076 | D:4      | Reached skill level 5 in Shields
  3510 | D:5      | Entered Level 5 of the Dungeon
  3625 | D:5      | Reached skill level 5 in Armour
  3918 | D:5      | Noticed a sky beast
  3967 | D:5      | Killed a sky beast
  3967 | D:5      | Reached * piety under Okawaru
  3967 | D:5      | Reached XP level 7. HP: 19/44 MP: 7/7
  4229 | D:5      | Reached skill level 1 in Evocations
  4247 | D:5      | Reached skill level 1 in Invocations
  4282 | D:5      | Reached skill level 5 in Fighting
  4435 | D:5      | Reached XP level 8. HP: 25/49 MP: 9/9
  4824 | D:6      | Found a shimmering altar of Xom.
  4825 | D:6      | Noticed Prince Ribbit
  4848 | D:6      | Killed from afar by an orc priest

Skill      XL: |  1  2  3  4  5  6  7 |
---------------+----------------------+-----
Shields        | 4 5 |  5.8
Armour         | 4 5 |  5.8
Maces & Flails | 3 4 |  4.7
Fighting       | 4 5 |  5.4
Evocations     | 1 |  1.7
Invocations    | 2 |  2.1

Action                   |  1- 3 |  4- 6 |  7- 9 || total
-------------------------+-------+-------+-------++-------
Melee: Flail             |   174 |   288 |   153 ||   615
  Use: Potion            |     1 |       |     1 ||     2
       Scroll            |       |     1 |       ||     1
  Eat: Chunk             |     1 |     8 |     5 ||    14
Armor: Scale mail        |   105 |   172 |    74 ||   351
Dodge: Dodged            |    76 |    49 |    27 ||   152
Block: Shield            |   104 |   132 |    67 ||   303
